 Dungeon Crawl Stone Soup version 0.23.2-40-g277498a001 (webtiles) character file.

Game seed: 4716512882308834496

1374 FishyPogo the Stinger (level 8, -2/69 HPs)
             Began as a Naga Transmuter on Aug 16, 2019.
             Was an Initiate of Makhleb.
             Slain by an orc warrior
             ... wielding a +0 dire flail
              (15 damage)
             ... on level 5 of the Dungeon.
             The game lasted 00:33:56 (6861 turns).

FishyPogo the Stinger (Naga Transmuter)             Turns: 6861, Time: 00:33:56

Health: -2/69      AC:  2    Str: 12    XL:     8   Next: 66%
Magic:  8/11       EV: 22    Int: 14    God:    Makhleb [......]
Gold:   163        SH:  5    Dex: 19    Spells: 1/11 levels left

rFire    . . .     SeeInvis +     - Unarmed
rCold    . . .     Gourm    .   (shield currently unavailable)
rNeg     . . .     Faith    .   (armour currently unavailable)
rPois    x         Spirit   .   (helmet currently unavailable)
rElec    .         Reflect  +   (cloak currently unavailable)
rCorr    .         Harm     .   (gloves currently unavailable)
MR       +....                  (no barding)
Stlth    ++........             v - +5 amulet of reflection
HPRegen  0.21/turn              (no ring)
MPRegen  0.12/turn              (no ring)

@: spider-form, drained
A: tiny, see invisible, slow metabolism 1, spit poison 1, AC +2
a: Spit Poison, End Transformation, Renounce Religion


You were on level 5 of the Dungeon.
You worshipped Makhleb.
Makhleb was noncommittal.
You were near starving.
You were a venomous arachnid creature.
You visited 1 branch of the dungeon, and saw 6 of its levels.

You collected 291 gold pieces.
You spent 128 gold pieces at shops.

Inventory:

Missiles
 a - 12 arrows
 g - 289 stones (quivered)
 r - 4 tomahawks
Armour
 b - a +0 robe (melded)
 t - a +2 chain mail of fire resistance
Jewellery
 q - an uncursed ring of fire
 s - an uncursed amulet of magic regeneration
 v - a +5 amulet of reflection (around neck)
Wands
 j - a wand of random effects (13)
Scrolls
 f - 3 scrolls of remove curse
 i - 3 scrolls of identify
 l - a scroll of amnesia
 n - a scroll of teleportation
 o - 2 scrolls of enchant weapon {unknown}
Potions
 c - 2 potions of heal wounds
 e - a potion of resistance {unknown}
 h - a potion of ambrosia
 k - 2 potions of magic {unknown}
 m - a potion of lignification {unknown}
 p - 2 potions of curing {unknown}
Comestibles
 d - 7 rations


   Skills:
 + Level 3.1(2.1) Fighting
 - Level 5.0(3.9) Dodging
 * Level 5.3(4.2) Unarmed Combat
 - Level 2.0(1.0) Spellcasting
 - Level 4.0(2.9) Transmutations
 * Level 2.4(1.4) Ice Magic
 - Level 6.1(5.0) Poison Magic


You had one spell level left.
You knew the following spells:

 Your Spells              Type           Power        Failure   Level  Hunger
d - Beastly Appendage     Tmut           #.....       21%         1    ##.....
e - Spider Form           Tmut/Pois      ##........   34%         3    ####...
f - Ice Form              Ice/Tmut       #.......     87%         4    #####..
h - Sticks to Snakes      Tmut           #.......     28%         2    ###....

Your spell library contained the following spells:

 Spells                   Type           Power        Failure   Level  Hunger
 Blade Hands              Tmut           #.........   98%         5    ######.


Dungeon Overview and Level Annotations

Branches:
Dungeon (6/15)             Temple (0/1) D:5

Altars:
Ashenzari
Fedhas
Gozag
Makhleb
Ru
Uskayaw
Zin

Shops:
D:5 ?   D:6 !


Innate Abilities, Weirdness & Mutations

You cannot wear boots.
((Your serpentine skin is tough. (AC +2)))
You have supernaturally acute eyesight. (SInv)
((Armour fits poorly on your strangely shaped body.))
((Your system is resistant to poisons. (rPois)))
((You cover ground very slowly.))
You have a slow metabolism.
You can spit poison.


Message History

Casting: Spider Form (safe; 16% risk of failure)
Confirm with . or Enter, or press ? or * to list all spells.
You turn into a venomous arachnid creature.
Your +0 robe melds into your body.
You barely miss the orc warrior.
The orc warrior is moderately wounded.
The orc warrior hits you with a +0 dire flail!
* * * LOW HITPOINT WARNING * * *
You hit the orc warrior but do no damage.
The orc warrior is moderately wounded.
The orc warrior closely misses you.
You hit the orc warrior.
The orc warrior looks as sick as possible!
The orc warrior is heavily wounded.
The orc warrior barely misses you.
You hit the orc warrior.
The orc warrior looks as sick as possible!
The orc warrior is severely wounded.
The orc warrior hits you with a +0 dire flail!
You die...

##...## ##.....## ############
#.......# #######..........#
#.......# #................#
#.......#####.#####..........#
##.....###....# #..........#
##.........#### ######.#####
#.......########## ##..#
#.......# #..os[# ###..##
#.......# #.....###.....#
##.....## ##.....#.....### ##
##...#####......#.#.#.# #.
##..<................# #.
##..#########....##.## #####.
####..⌠.⌠...##.........#####.....
.......∩....#.....#........#.....
######⌠.⌠##.....#..........#.....


You could see an orc warrior.

Vanquished Creatures
  Sigmund (D:3)
  An orc warrior (D:5)
  2 phantoms
  An ogre (D:4)
  A centaur (D:6)
  A bullfrog (D:6)
  2 wights
  A howler monkey (D:5)
  A crimson imp (D:6)
  A centaur zombie (D:6)
  3 orc wizards
  2 orc priests
  3 hounds
  An iguana (D:4)
  Terence (D:3)
  A hound skeleton (D:4)
  4 gnolls
  8 adders
  A shadow imp (D:6)
  4 worms
  A dart slug (D:2)
  2 leopard geckos
  18 orcs
  3 ball pythons
  11 bats
  3 giant cockroaches
  6 hobgoblins
  7 jackals
  2 quokkas
  3 frilled lizards
  2 goblins
  6 kobolds
  A leopard gecko skeleton (D:4)
  A quokka zombie (D:6)
  5 rats
111 creatures vanquished.

Notes
Turn   | Place    | Note
-------+----------+-------------------------------------------
     0 | D:1      | FishyPogo the Naga Transmuter began the quest for the Orb.
     0 | D:1      | Reached XP level 1. HP: 18/18 MP: 3/3
   344 | D:1      | Reached XP level 2. HP: 24/25 MP: 3/5
   911 | D:2      | Reached XP level 3. HP: 24/31 MP: 4/6
   916 | D:2      | Learned a level 3 spell: Spider Form
   919 | D:2      | Learned a level 2 spell: Sticks to Snakes
  1285 | D:2      | Reached skill level 1 in Poison Magic
  1538 | D:2      | Found a shattered altar of Ashenzari.
  1587 | D:2      | Reached XP level 4. HP: 38/38 MP: 7/7
  1940 | D:3      | Reached skill level 2 in Poison Magic
  1961 | D:3      | Reached XP level 5. HP: 13/44 MP: 6/8
  2048 | D:3      | Reached skill level 3 in Poison Magic
  2300 | D:3      | Found a sacrificial altar of Ru.
  2533 | D:3      | Noticed Sigmund
  2556 | D:3      | Killed Sigmund
  2556 | D:3      | Reached skill level 4 in Poison Magic
  2556 | D:3      | Reached XP level 6. HP: 36/51 MP: 6/9
  2760 | D:3      | Noticed Terence
  3199 | D:4      | Found a burning altar of Makhleb.
  3202 | D:4      | Became a worshipper of Makhleb the Destroyer
  3347 | D:4      | Reached skill level 5 in Poison Magic
  3347 | D:4      | Reached XP level 7. HP: 57/57 MP: 6/10
  3715 | D:3      | Killed Terence
  3998 | D:4      | Found a hide-covered altar of Uskayaw.
  4757 | D:4      | Found a blossoming altar of Fedhas.
  5006 | D:5      | Entered Level 5 of the Dungeon
  5007 | D:5      | Found Qacota's Magic Scroll Boutique.
  5031 | D:5      | Bought a scroll of identify for 22 gold pieces
  5031 | D:5      | Bought a scroll of identify for 22 gold pieces
  5101 | D:5      | Reached XP level 8. HP: 43/67 MP: 11/11
  5151 | D:5      | Reached skill level 5 in Dodging
  5170 | D:5      | Learned a level 4 spell: Ice Form
  5187 | D:5      | Found a glowing silver altar of Zin.
  5204 | D:5      | Found a staircase to the Ecumenical Temple.
  5436 | D:5      | Reached skill level 6 in Poison Magic
  5708 | D:6      | Found Maheat Ymm's Distillery.
  5729 | D:6      | Bought a potion of degeneration for 14 gold pieces
  5729 | D:6      | Bought a potion of heal wounds for 70 gold pieces
  5816 | D:6      | Reached * piety under Makhleb
  6030 | D:6      | Found an opulent altar of Gozag.
  6123 | D:5      | Reached skill level 1 in Ice Magic
  6612 | D:6      | Reached skill level 5 in Unarmed Combat
  6632 | D:6      | HP: 3/69 [crimson imp (4)]
  6861 | D:5      | Slain by an orc warrior

Skill      XL: |  1  2  3  4  5  6  7  8 |
---------------+-------------------------+-----
Dodging        | 2 3 4 5 |  5.0
Poison Magic   | 1 2 4 5 6 |  6.1
Transmutations | 3 4 |  4.0
Fighting       | 2 3 |  3.1
Unarmed Combat | 4 5 |  5.3
Ice Magic      | 2 |  2.4
Spellcasting   | |  2.0

Action                   |  1- 3 |  4- 6 |  7- 9 || total
-------------------------+-------+-------+-------++-------
Melee: Unarmed           |    63 |    68 |   267 ||   398
       Headbutt          |     6 |     3 |    18 ||    27
       Punch             |       |     1 |     3 ||     4
Throw: Stone             |     5 |     6 |     4 ||    15
 Cast: Beastly Appendage |    11 |     9 |    13 ||    33
       Spider Form       |       |     7 |    17 ||    24
 Abil: Spit Poison       |    34 |    37 |    26 ||    97
       End Transformatio |       |       |     2 ||     2
  Use: Potion            |     1 |       |     1 ||     2
       Scroll            |     7 |     1 |     1 ||     9
  Eat: Chunk             |     3 |     8 |    12 ||    23
Armor: Robe              |    18 |     9 |    17 ||    44
       Skin              |       |       |     2 ||     2
Dodge: Dodged            |    68 |    43 |   204 ||   315
Block: Other             |       |       |    14 ||    14
       Reflection        |       |       |     2 ||     2
